 Dungeon Crawl Stone Soup version 0.31-a0-1019-g3dd9dd1025 (webtiles) character file.

Game seed: 4336337346521352869

18695 ChronoRanger the Carver (level 12, -3/112 HPs)
             Began as a Minotaur Fighter on Nov 17, 2023.
             Was a Priest of the Shining One.
             Slain by an ironbound frostheart (21 damage)
             ... in an ice cave.
             The game lasted 00:24:03 (9844 turns).

ChronoRanger the Carver (Minotaur Fighter)          Turns: 9844, Time: 00:24:04

Health: -3/112     AC: 19    Str: 28    XL:     12   Next: 30%
Magic:  0/3        EV: 10    Int:  3    God:    the Shining One [***...]
Gold:   628        SH:  7    Dex: 17    Spells: 11/11 levels left

rFire   . . .        A - +10 long sword "Cidoatau" {antimagic, +Blink rPois Str+5 Int-2}
rCold   . . .        c - +0 buckler
rNeg    + . .        e - +4 ring mail "Duusmaub" {Dex+4}
rPois   +            (helmet restricted)
rElec   .            x - +0 cloak
rCorr   .            (no gloves)
SInv    .            H - +1 pair of boots {Stlth+}
Will    .....        R - amulet of guardian spirit
Stlth   +            h - ring of flight
HPRegen 0.38/turn    y - +4 ring of protection
MPRegen 0.08/turn

%: guardian spirit
@: about to teleport, frozen, flying, glowing, very slow
A: horns 2, retaliatory headbutt
a: Renounce Religion, Evoke Blink, Divine Shield, Cleansing Flame


You were in an ice cave.
You worshipped the Shining One.
The Shining One was most pleased with you.
You visited 1 branch of the dungeon, and saw 11 of its levels.
You also visited: Ice Cave.

You collected 628 gold pieces.

Inventory:

Hand Weapons
 A - the +10 long sword "Cidoatau" (weapon) {antimagic, +Blink rPois Str+5 Int-2}
   (You took it off an orc on level 4 of the Dungeon)

   Str+5:     It affects your strength (+5).
   Int-2:     It affects your intelligence (-2).
   rPois:     It protects you from poison +Blink: It lets you blink.
 J - a +2 whip of flaming
Missiles
 a - a throwing net
Armour
 c - a +0 buckler (worn)
 e - the +4 ring mail "Duusmaub" (worn) {Dex+4}
   (You found it on level 6 of the Dungeon)

   Dex+4:     It affects your dexterity (+4).
 x - a +0 cloak (worn)
 H - a +1 pair of boots of stealth (worn)
 Q - a +3 plate armour of cold resistance
Jewellery
 d - a ring of resist corrosion
 h - a ring of flight (left hand)
 t - a ring of positive energy
 y - a +4 ring of protection (right hand)
 R - an amulet of guardian spirit (around neck)
 S - a ring of willpower
Wands
 b - a wand of paralysis (39)
 B - a wand of roots (16)
 D - a wand of flame (34)
 P - a wand of acid (4)
Scrolls
 f - a scroll of torment {unknown}
 g - 4 scrolls of enchant armour
 j - a scroll of acquirement {unknown}
 l - 3 scrolls of amnesia
 m - 2 scrolls of enchant weapon {unknown}
 n - 2 scrolls of poison
 p - 2 scrolls of brand weapon {unknown}
 q - 2 scrolls of vulnerability {unknown}
 s - 5 scrolls of revelation
 v - 3 scrolls of teleportation
 F - 2 scrolls of noise {unknown}
 G - a scroll of fear {unknown}
 L - a scroll of fog {unknown}
 M - a scroll of blinking {unknown}
 O - a scroll of summoning {unknown}
Potions
 i - a potion of haste
 k - 2 potions of magic
 o - a potion of invisibility
 r - 8 potions of curing
 u - 2 potions of ambrosia
 w - 3 potions of lignification
 z - 3 potions of brilliance
 C - a potion of cancellation
 E - 2 potions of enlightenment
 I - a potion of attraction
 K - 2 potions of resistance
 N - a potion of mutation


   Skills:
 * Level 12.3 Fighting
 - Level 14.0 Long Blades
 - Level 3.6 Maces & Flails
 - Level 2.6 Polearms
 + Level 11.7 Armour
 + Level 11.7 Shields


You had 11 spell levels left.
You didn't know any spells.
Your spell library contained the following spells:

 Spells                   Type           Power      Damage    Failure   Level
 Apportation              Tloc           0%         N/A       65%         1
 Blink                    Tloc           0%         N/A       80%         2
 Cigotuvi's Dreadful Rot  Necr/Pois/Air  0%         N/A       80%         2
 Jinxbite                 Hex            0%         N/A       80%         2
 Lesser Beckoning         Tloc           0%         N/A       80%         2
 Momentum Strike          Conj/Tloc      0%         3d8       80%         2
 Sublimation of Blood     Necr           0%         N/A       80%         2
 Animate Armour           Summ/Erth      0%         N/A       100%        4
 Dispel Undead            Necr           0%         3d6       100%        4
 Petrify                  Tmut/Erth      0%         N/A       100%        4
 Summon Lightning Spire   Summ/Air       0%         N/A       100%        4
 Alistair's Intoxication  Tmut/Pois      0%         N/A       100%        5
 Irradiate                Conj/Tmut      0%         3d11      100%        5
 Lee's Rapid Deconstruct  Erth           0%         3d4*      100%        5
 Death Channel            Necr           0%         N/A       100%        6


Dungeon Overview and Level Annotations

Branches:
Dungeon (11/15)            Temple (0/1) D:6            Lair (0/5) D:8
  IceCv (1/1)
    Orc: D:9-12

Altars:
Ashenzari
Dithmenos
Fedhas
Makhleb
Nemelex Xobeh
Okawaru
Qazlal
Sif Muna
Uskayaw
Vehumet
Wu Jian
Xom
Yredelemnul
Zin
The Shining One

Shops:
D:7 *   D:10 (

Portals:
Trove: D:11 (give 14 scrolls of teleportation)

Annotations:
D:10 2 transporters, stendehmen's ghost, journeyman MiFi


Innate Abilities, Weirdness & Mutations

You have a pair of horns on your head.
You reflexively headbutt those who attack you in melee.


Message History

You slash the death yak! You headbutt the death yak.
The death yak is heavily wounded.
You hit the death yak.
The death yak is heavily wounded.
The death yak barely misses you. You furiously retaliate!
You headbutt the death yak! You hit the death yak.
You headbutt the death yak, but do no damage.
The death yak is severely wounded.
The death yak gores you!
You slice the death yak!!
The death yak is almost dead.
You hear a bellow! x2; You hear a howl!
Okay, then.
You slash the death yak!
You kill the death yak!
You hit the ironbound frostheart.
The ironbound frostheart's magic leaks into the air.
The ironbound frostheart is lightly wounded.
You hit the ironbound frostheart.
The ironbound frostheart's magic leaks into the air.
You headbutt the ironbound frostheart.
The ironbound frostheart is moderately wounded.
The ironbound frostheart calls freezing cold from the walls.
The frost grips you!!!
* * * LOW HITPOINT WARNING * * *
You are encased in ice.
As you read the scroll of teleportation, it crumbles to dust.
You feel strangely unstable.
You block the ironbound frostheart's attack.
The ironbound frostheart's magic is no longer disrupted.
The ironbound frostheart attacks as it pursues you!
The ironbound frostheart touches you!
* * * LOW HITPOINT WARNING * * *
The ironbound frostheart freezes you!! The Shining One protects you from harm!
The ironbound frostheart touches you!
* * * LOW HITPOINT WARNING * * *
The ironbound frostheart freezes you!!
You die... ##...##..## YYp

##..###.#
.p
##.##.## h
#..##.#
##.##.##
##..##h##
#..####.##
#.## ##p#
#.#####@##
#.#.#.#.#
#......##
#..⌠.#.#
##...###
##.## ###


You could see an ironbound frostheart.

Vanquished Creatures
  Josephine (D:10)
  A two-headed ogre (D:10)
  A boulder beetle (D:10)
  2 death yaks (IceCv)
  Pikel (D:8)
  An ugly thing (IceCv)
  An ice statue (IceCv)
  Maurice (D:8)
  Jeremiah (D:8)
  A kobold demonologist (D:9)
  2 unseen horrors (D:10)
  A troll (D:9)
  7 polar bears (IceCv)
  Grinder (D:5)
  2 hornets (D:9)
  A vampire (D:7)
  6 wraiths
  23 yaks
  A basilisk (D:8)
  2 wyverns (D:8)
  Grum (D:8)
  3 steam dragons (D:8)
  6 water moccasins
  3 sky beasts (D:8)
  Duvessa (D:5)
  2 orc warriors
  4 ice beasts
  19 wolves
  2 phantoms (D:4)
  A centaur (D:8)
  2 bullfrogs (D:6)
  Blork the orc (D:5)
  2 two-headed ogre simulacra (D:11)
  3 scorpions
  4 wights (D:8)
  Dowan (D:5)
  13 killer bees
  2 howler monkeys
  A jelly (D:6)
  4 orc priests
  8 hounds
  2 sleepcaps
  2 iguanas
  8 orc wizards
  A troll simulacrum (D:11)
  A spriggan simulacrum (D:11)
  6 gnolls
  7 adders
  A shadow imp (D:7)
  3 white imps
  4 ufetubi
  3 worms
  A dart slug (D:1)
  38 orcs
  3 endoplasms
  2 giant cockroaches
  6 goblins
  4 hobgoblins
  8 jackals (D:2)
  8 kobolds
  2 quokkas
  8 ball pythons
  4 bats
  2 frilled lizards (D:3)
  7 rats
271 creatures vanquished.

Vanquished Creatures (others)
  A wight (D:8)
1 creature vanquished.

Grand Total: 272 creatures vanquished

Notes
Turn   | Place    | Note
-------+----------+-------------------------------------------
     0 | D:1      | ChronoRanger the Minotaur Fighter began the quest for the
                  | Orb.
     0 | D:1      | Reached XP level 1. HP: 19/19 MP: 0/0
    48 | D:1      | Found a faded altar of an unknown god.
   208 | D:1      | Reached XP level 2. HP: 21/27 MP: 1/1
   637 | D:2      | Reached XP level 3. HP: 33/33 MP: 2/2
  1392 | D:3      | Found a glowing silver altar of Zin.
  1394 | D:3      | Found a basalt altar of Yredelemnul.
  1733 | D:3      | Reached skill level 1 in Polearms
  1733 | D:3      | Reached XP level 4. HP: 39/40 MP: 3/3
  2089 | D:3      | Found a hide-covered altar of Uskayaw.
  2227 | D:4      | Noticed a scorpion
  2244 | D:4      | Killed a scorpion
  2245 | D:4      | Reached XP level 5. HP: 31/47 MP: 4/4
  2491 | D:4      | Identified the +10 long sword "Cidoatau" {antimagic, +Blink
                  | rPois Str+5 Int-2}
  2668 | D:4      | Noticed a phantom
  2678 | D:4      | Killed a phantom
  2679 | D:4      | Reached skill level 1 in Long Blades
  2679 | D:4      | Reached XP level 6. HP: 50/55 MP: 1/5
  2688 | D:4      | Reached skill level 2 in Long Blades
  2693 | D:4      | Reached skill level 5 in Fighting
  2693 | D:4      | Reached skill level 5 in Armour
  2693 | D:4      | Reached skill level 5 in Shields
  2787 | D:4      | Found a broken altar of Ashenzari.
  3076 | D:4      | Found a sparkling altar of Nemelex Xobeh.
  3111 | D:5      | Entered Level 5 of the Dungeon
  3116 | D:5      | Found a shimmering blue altar of Sif Muna.
  3141 | D:5      | Reached skill level 3 in Long Blades
  3230 | D:5      | Noticed an ice beast
  3234 | D:5      | Killed an ice beast
  3237 | D:5      | Reached XP level 7. HP: 61/61 MP: 2/6
  3310 | D:5      | Found a blossoming altar of Fedhas.
  3312 | D:5      | Found a stormy altar of Qazlal.
  3317 | D:5      | Noticed Grinder
  3320 | D:5      | Paralysed by Grinder for 2 turns
  3337 | D:5      | Paralysed by Grinder for 4 turns
  3341 | D:5      | Killed Grinder
  3342 | D:5      | Reached skill level 4 in Long Blades
  3522 | D:5      | Reached skill level 5 in Long Blades
  3531 | D:5      | Reached XP level 8. HP: 44/70 MP: 2/7
  4019 | D:5      | Noticed Blork the orc
  4023 | D:5      | Killed Blork the orc
  4075 | D:5      | Noticed Duvessa
  4076 | D:5      | Noticed Dowan
  4079 | D:5      | Killed Duvessa
  4080 | D:5      | Reached skill level 6 in Long Blades
  4083 | D:5      | Killed Dowan
  4244 | D:6      | Identified the +4 ring mail "Duusmaub" {Dex+4}
  4408 | D:6      | Found a staircase to the Ecumenical Temple.
  4508 | D:6      | Found an iron altar of Okawaru.
  4559 | D:6      | Reached skill level 7 in Long Blades
  4592 | D:6      | Paralysed by an orc for 5 turns
  4602 | D:6      | Found a glowing golden altar of the Shining One.
  4617 | D:6      | Became a worshipper of the Shining One
  4789 | D:6      | Found a shadowy altar of Dithmenos.
  4816 | D:6      | Found an ornate altar of the Wu Jian Council.
  5134 | D:7      | Found Gagro's Assorted Antiques.
  5207 | D:7      | Reached XP level 9. HP: 47/79 MP: 2/8
  5332 | D:7      | Reached skill level 8 in Long Blades
  5511 | D:7      | Found a burning altar of Makhleb.
  5693 | D:7      | Reached skill level 9 in Long Blades
  6088 | D:8      | Found a radiant altar of Vehumet.
  6090 | D:8      | Noticed Pikel
  6108 | D:8      | Killed Pikel
  6130 | D:8      | Reached skill level 10 in Long Blades
  6130 | D:8      | Reached XP level 10. HP: 70/90 MP: 3/9
  6296 | D:8      | Reached * piety under the Shining One
  6310 | D:8      | Noticed Jeremiah
  6311 | D:8      | Noticed Grum
  6351 | D:8      | Killed Grum
  6379 | D:8      | Noticed Maurice
  6394 | D:7      | Reached skill level 11 in Long Blades
  6634 | D:8      | Killed Jeremiah
  6759 | D:8      | Found a staircase to the Lair.
  6981 | D:8      | Paralysed by Maurice for 3 turns
  6987 | D:8      | Maurice stole a ring of resist corrosion
  6989 | D:8      | Paralysed by Maurice for 3 turns
  6997 | D:8      | Killed Maurice
  7218 | D:9      | Noticed an orange demon
  7275 | D:9      | Reached skill level 12 in Long Blades
  7375 | D:9      | Reached XP level 11. HP: 95/99 MP: 3/10
  7616 | D:9      | Reached skill level 10 in Armour
  7782 | D:10     | Entered Level 10 of the Dungeon
  7782 | D:10     | Found a shimmering altar of Xom.
  7842 | D:10     | Reached skill level 10 in Fighting
  7842 | D:10     | Reached skill level 10 in Shields
  7896 | D:10     | Found a transporter.
  7898 | D:10     | Reached ** piety under the Shining One
  7898 | D:10     | Noticed stendehmen's ghost (journeyman MiFi)
  7970 | D:10     | Found Vimuijel's Antique Weapon Shop.
  8012 | D:10     | Identified the +6 longbow of Light {heavy, rF+ rN+ Dex+3}
  8020 | D:10     | Noticed a boulder beetle
  8052 | D:10     | Killed a boulder beetle
  8083 | D:10     | Noticed Josephine
  8083 | D:10     | Noticed a two-headed ogre
  8104 | D:10     | Killed Josephine
  8107 | D:10     | Killed a two-headed ogre
  8116 | D:10     | Reached skill level 13 in Long Blades
  8193 | D:10     | Found a transporter.
  8688 | D:11     | Found a portal to a secret trove of treasure.
  8712 | D:11     | Found a frozen archway.
  8729 | IceCv    | Entered an ice cave
  9093 | IceCv    | Reached *** piety under the Shining One
  9282 | IceCv    | Reached skill level 14 in Long Blades
  9391 | IceCv    | Reached XP level 12. HP: 110/110 MP: 3/11
  9445 | IceCv    | Noticed a death yak
  9481 | IceCv    | Killed a death yak
  9817 | IceCv    | Noticed a death yak
  9817 | IceCv    | Noticed an ironbound frostheart
  9817 | IceCv    | Noticed a death yak
  9817 | IceCv    | Noticed an ironbound frostheart
  9839 | IceCv    | Killed a death yak
  9843 | IceCv    | The Shining One protects you from harm!
  9844 | IceCv    | Slain by an ironbound frostheart

Illustrated notes

Levels and vault maps discovered:
D:1:      matt_arrival_diagonals, layout_basic, dreamdust_ecumenical_altar_grove
D:2:      layout_loops_cross
D:3:      layout_loops_corners, nicolae_uskayaw_suspiria,
          mainiacjoe_overflow_divided_tiny, hangedman_decor_points,
          grunt_ministairs_9
D:4:      layout_basic, lemuel_tele_altar, general_overflow_altar
D:5:      dreamdust_elfheim, layout_loops_ring,
          grunt_temple_overflow_forces_of_nature, mainiacjoe_overflow_paths,
          serial_co_window_serial, co_window_paths_b, co_window_corner_a,
          co_window_paths_a, co_window_paths_a, co_window_paths_a,
          co_window_unsneaky_path_e, co_window_broadway_c, co_window_broadway_b,
          co_window_sun, glass_columns_b, glass_columns_c, glass_columns_b,
          glass_columns_a, glass_columns_a, minmay_misc_feat_chi, uniq_grinder,
          uniq_blork_the_orc
D:6:      layout_loops_ring, nicolae_tso_carved_into_rock,
          nzn_wu_jian_contemplation, hellmonk_okawaru_the_only_friend_you_need,
          mainiacjoe_overflow_chevrons, minmay_temple_entry_from_below_a
D:7:      layout_basic, kennysheep_little_box, serial_shops, shop
D:8:      layout_cave_pools, nicolae_vehumet_radiance, minmay_lair_entry_grove,
          hangedman_misty_isle, uniq_maurice, uniq_pikel, uniq_jeremiah,
          uniq_grum
D:9:      layout_rooms, nicolae_zig_zag_zippers
D:10:     layout_long_grid, mainiacjoe_overflow_tiny_flanked,
          gammafunk_ghost_stat_death, serial_shops, shop, uniq_josephine
D:11:     layout_small_grid, kennysheep_orc_monster_closet_entryway,
          enter_trove_0, portal_ice_cave_entry_ice_simulacra, uniq_fannar
IceCv:    ice_cave_caverns_02

Skill      XL: |  1  2  3  4  5  6  7  8  9 10 11 12 |
---------------+-------------------------------------+-----
Maces & Flails | 3 |  3.6
Armour         | 4 5 6 7 8 9 11 | 11.7
Shields        | 4 5 6 7 8 9 11 | 11.7
Fighting       | 4 5 6 7 8 9 11 12 | 12.3
Polearms       | 1 2 |  2.6
Long Blades    | 1 3 5 7 10 12 14 | 14.0

Action                     |  1- 3 |  4- 6 |  7- 9 | 10-12 || total
---------------------------+-------+-------+-------+-------++-------
  Melee: Flail             |   110 |       |       |       ||   110
         Headbutt          |    16 |    13 |    26 |   135 ||   190
         Trident           |    17 |    52 |       |       ||    69
         Long sword        |       |    35 |   207 |   371 ||   613
    Use: Scroll            |       |     9 |     4 |     7 ||    20
         Potion            |       |       |       |     4 ||     4
 Armour: Scale mail        |    82 |    60 |    54 |       ||   196
         Ring mail         |       |       |    98 |   244 ||   342
  Dodge: Dodged            |    67 |    41 |    78 |   136 ||   322
  Block: Buckler           |    23 |    11 |    58 |    97 ||   189

Table legend: (Time is in decaauts)
 A = Elapsed time spent in this place.
 B = Non-inter-level travel time spent in this place.
 C = Inter-level travel time spent in this place.
 D = Time resting spent in this place.
 E = Time spent auto-exploring this place.
 F = Levels seen in this place.
 G = Mean time per level.
                   A        B        C        D        E       F      G
               +--------+--------+--------+--------+--------+-----+--------+
         Total |   9836 |   9429 |    407 |    788 |   6636 |  12 |  819.7 |
       Dungeon |   8770 |   8363 |    407 |    264 |   6342 |  11 |  797.3 |
      Ice Cave |   1065 |   1065 |      0 |    524 |    294 |   1 | 1065.0 |
               +--------+--------+--------+--------+--------+-----+--------+

Top non-repeatable levels by time:
     D:7: 1246 daAuts
     D:5: 1122 daAuts
   IceCv: 1065 daAuts
     D:3: 948 daAuts
     D:4: 919 daAuts
    D:10: 886 daAuts
     D:8: 834 daAuts
     D:6: 803 daAuts
     D:2: 734 daAuts
     D:9: 666 daAuts
     D:1: 563 daAuts
    D:11: 45 daAuts
